 Dungeon Crawl Stone Soup version 0.29.1-12-g30fa7ad0bf (webtiles) character file.

Game seed: 7933516457974943758

5582 FexLirch the Thaumaturge (level 11, -10/71 HPs)
             Began as a Djinni Necromancer on Dec 17, 2022.
             Was a Priest of Makhleb.
             Collided with a rock wall (16 damage)
             ... caused by a rakshasa (illusionary)
             ... on level 8 of the Dungeon.
             The game lasted 00:36:33 (11259 turns).

FexLirch the Thaumaturge (Djinni Necromancer)      Turns: 11259, Time: 00:36:33

Health: -10/71     AC:  9    Str: 10    XL:     11   Next: 2%
Gold:   769        EV: 10    Int: 24    God:    Makhleb [***...] SH:  0 Dex: 19

rFire   + + .      SeeInvis .   L - +2 whip (freeze)
rCold   x . .      Faith    .   (no shield)
rNeg    + . .      Spirit   .   j - +1 scale mail of Elyvilon's Wrath {Str+3 Int+4 Dex+4}
rPois   ∞          Reflect  .   e - +2 hat
rElec   .          Harm     .   (no cloak)
rCorr   .          Rampage  .   (no gloves)
Will    +....                   (boots unavailable)
Stlth   +.........              (no amulet)
HPRegen 0.21/turn               u - ring of positive energy
MPRegen 0.00/turn               (no ring)

@: flying
A: sickness immunity, fire resistance 2, cold vulnerability 1, float, innate
caster, HP casting, extra vitality 1
a: Renounce Religion, Minor Destruction, Lesser Servant of Makhleb


You were on level 8 of the Dungeon.
You worshipped Makhleb.
Makhleb was most pleased with you.
You visited 2 branches of the dungeon, and saw 10 of its levels.
You also visited: Ossuary and Bailey.

You collected 769 gold pieces.

Inventory:

Hand Weapons
 f - a +0 short sword of speed
 s - a +1 dagger of venom
 L - a +2 whip of freezing (weapon)
Missiles
 E - a throwing net
Armour
 e - a +2 hat (worn)
 j - the +1 scale mail of Elyvilon's Wrath (worn) {Str+3 Int+4 Dex+4}
   (You found it on level 8 of the Dungeon)

   Str:       It affects your strength (+3).
   Int:       It affects your intelligence (+4).
   Dex:       It affects your dexterity (+4).
 D - a +3 leather armour
 F - +0 storm dragon scales
Magical Staves
 I - a staff of air
Jewellery
 u - a ring of positive energy (left hand)
 w - an amulet of faith
Wands
 a - a wand of digging (3)
 N - a wand of iceblast (4)
Scrolls
 b - 5 scrolls of fear
 d - 3 scrolls of vulnerability {unknown}
 g - 2 scrolls of noise
 i - 6 scrolls of teleportation
 n - 3 scrolls of enchant weapon
 q - a scroll of amnesia {unknown}
 r - 2 scrolls of magic mapping
 t - a scroll of immolation {unknown}
 v - a scroll of torment {unknown}
 x - 3 scrolls of poison {unknown}
 y - a scroll of enchant armour {unknown}
 A - 2 scrolls of fog {unknown}
 G - a scroll of summoning {unknown}
Potions
 c - a potion of invisibility
 h - 4 potions of curing
 k - 3 potions of degeneration
 l - 4 potions of mutation
 m - a potion of might {unknown}
 o - 3 potions of heal wounds
 p - 2 potions of ambrosia
 z - a potion of cancellation {unknown}
 B - 5 potions of berserk rage
 C - 2 potions of flight {unknown}
 H - a potion of lignification {unknown}
 J - 3 potions of attraction {unknown}
 K - 2 potions of brilliance {unknown}
 O - a potion of magic {unknown}
Miscellaneous
 M - a phantom mirror


   Skills:
 + Level 3.0 Fighting
 + Level 3.0 Armour
 + Level 4.2 Dodging
 - Level 1.5 Stealth
 * Level 11.7 Spellcasting


You had 7 spell levels left.
You knew the following spells:

 Your Spells              Type           Power      Damage    Failure   Level
a - Necrotise             Necr           100%       1d9       1%          1
b - Vampiric Draining     Necr           63%        2d10      1%          3
c - Animate Dead          Necr           63%        N/A       2%          4
d - Agony                 Necr           63%        N/A       6%          5
e - Slow                  Hex            100%       N/A       1%          1
f - Scorch                Fire           100%       2d10      1%          2
g - Gell's Gravitas       Tloc           63%        N/A       1%          3
h - Swiftness             Air            63%        N/A       1%          3
i - Fulminant Prism       Conj/Hex       31%        3d16      2%          4
Your spell library was empty.

Dungeon Overview and Level Annotations

Branches:
Dungeon (9/15)             Temple (1/1) D:6         Ossuary (visited)
 Bailey (visited)
   Lair: D:8-11         Orc: D:9-12

Altars:
Ashenzari
Cheibriados
Dithmenos
Elyvilon
Fedhas
Gozag
Hepliaklqana
Makhleb
Nemelex Xobeh
Okawaru
Qazlal
Trog
Uskayaw
Wu Jian
Xom
Yredelemnul
Zin
The Shining One

Annotations:
D:4 1 runed translucent door
D:7 2 transporters, ZoeForever1's ghost, novice DrTm
D:8 3 runed translucent doors, ender2003's ghost, novice MiHu


Innate Abilities, Weirdness & Mutations

You are immune to sickness and miasma.
You are immune to poison.
Your flesh is very heat resistant. (rF++)
You are vulnerable to cold. (rC-)
You float through the air rather than walking.
You learn spells naturally, not from books.
Your magical power is your life essence.
You have superior vitality. (+4 MHP)


Message History

Unknown command.
Casting: Scorch (safe; 1% risk of failure)
Confirm with . or Enter, or press ? or * to list all spells.
Flames lash the rakshasa.
The rakshasa is burned terribly!
The rakshasa is heavily wounded.
The rakshasa closely misses your kobold brigand zombie.
Unknown command.
Unknown command.
Casting: Scorch (safe; 1% risk of failure)
Confirm with . or Enter, or press ? or * to list all spells.
Flames lash the rakshasa.
The rakshasa is burned terribly!
The rakshasa is severely wounded.
Your kobold brigand zombie hits the rakshasa but does no damage.
The rakshasa barely misses your kobold brigand zombie.
Unknown command.
Unknown command.
Casting: Scorch (safe; 1% risk of failure)
Confirm with . or Enter, or press ? or * to list all spells.
Flames lash the rakshasa.
The rakshasa is burned terribly!
You kill the rakshasa!
The rakshasa shimmers and vanishes!
Your reaping aura expires.
Your centaur warrior zombie closely misses the rakshasa.
Your centaur warrior zombie kicks the rakshasa.
The rakshasa hits your kobold brigand zombie with a +0 whip!
Your kobold brigand zombie is destroyed!
Your centaur warrior zombie barely misses the rakshasa.
Your centaur warrior zombie kicks the rakshasa but does no damage.
Unknown command.
Casting: Scorch (safe; 1% risk of failure)
Confirm with . or Enter, or press ? or * to list all spells.
Flames lash the rakshasa.
The rakshasa is burned terribly!
The rakshasa is almost dead.
The rakshasa hits something with a +0 whip!!
The rakshasa gestures at you. The lance of force hits you!!
* * * LOW HITPOINT WARNING * * *
You are knocked back by the lance of force.
You slam into the rock wall!
You die...

...............#..# #.##
..................####.#
......[........##..##..##
...............###......##
..............###........##
#.............##..........#######
#####............................
#.#..#.######################
#.#.>..#.P.P@P.P.'.........##
#####.#....#.........#.........#.
......#.#..#.).))....#.........#.
...........#Z)P.P.P.P#....Z....#.
......#....#R##############)#####
.....##....#R #.)..#.
.....##....#* #..).#.
.....##)...#. #.⌠..#.
##...##)Z..#. #....).


You could see 2 rakshasas and a friendly centaur warrior zombie.

Vanquished Creatures
  A centaur warrior (D:8)
  Pikel (D:8)
  2 shadows (D:9)
  A steam dragon (D:8)
  Grum (D:8)
  2 ice beasts
  2 sky beasts (D:6)
  2 orc warriors (D:7)
  2 black bears
  4 wolves (D:8)
  3 lemures (D:8)
  A phantom (D:5)
  6 kobold brigands
  2 scorpions
  8 bullfrogs
  A wyvern zombie (D:8)
  7 wights
  4 killer bees (D:7)
  A howler monkey (D:5)
  6 quasits (D:7)
  3 orc priests
  2 hounds (D:6)
  3 iguanas
  4 orc wizards
  8 mummies (Ossuary)
  A howler monkey zombie (D:8)
  3 gnolls
  9 adders
  7 shadow imps
  10 white imps
  5 ufetubi
  A worm (D:3)
  3 dart slugs
  22 orcs
  5 bats
  7 endoplasms
  4 giant cockroaches
  A gnoll zombie (Ossuary)
  6 goblins
  5 hobgoblins (D:1)
  2 jackals (D:5)
  31 kobolds
  3 quokkas
  9 ball pythons
  6 frilled lizards
  2 hobgoblin zombies (Ossuary)
  2 kobold zombies (Ossuary)
  3 orc zombies (Ossuary)
  7 rats
231 creatures vanquished.

Vanquished Creatures (collateral kills)
  A necrophage (D:6)
  A wight (D:8)
  2 gnolls (D:6)
  An adder (D:2)
  An orc zombie (D:7)
  An orc (D:6)
  An endoplasm (D:2)
  A kobold (D:3)
  A rat (D:1)
10 creatures vanquished.

Vanquished Creatures (others)
  2 wolf zombies (D:8)
  A bullfrog zombie (D:8)
  A gnoll zombie (D:8)
  10 kobold zombies
  4 orc zombies
  9 demonic plants (D:7)
  A fulminant prism (D:8)
28 creatures vanquished.

Grand Total: 269 creatures vanquished

Notes
Turn   | Place    | Note
-------+----------+-------------------------------------------
     0 | D:1      | FexLirch the Djinni Necromancer began the quest for the
                  | Orb.
     0 | D:1      | FexLirch set off with the following spells memorised:
                  | Necrotise, Vampiric Draining, Animate Dead, Agony.
     0 | D:1      | Reached XP level 1. HP: 15/15 MP: 0/0
   231 | D:1      | Found a faded altar of an unknown god.
   280 | D:1      | Reached XP level 2. HP: 14/21 MP: 0/0
   913 | D:1      | Reached XP level 3. HP: 21/25 MP: 0/0
   913 | D:1      | Learned a level 1 spell: Slow
  1119 | D:1      | Reached skill level 4 in Spellcasting
  1762 | D:2      | Reached XP level 4. HP: 22/31 MP: 0/0
  2654 | D:3      | Found a shimmering altar of Xom.
  2954 | D:3      | Reached XP level 5. HP: 34/35 MP: 0/0
  2954 | D:3      | Learned a level 2 spell: Scorch
  3235 | D:3      | Reached skill level 5 in Spellcasting
  3656 | D:3      | Found an opulent altar of Gozag.
  3894 | D:4      | Found a snail-covered altar of Cheibriados.
  4238 | D:4      | Reached XP level 6. HP: 36/40 MP: 0/0
  4345 | D:4      | Found a runed translucent door.
  4440 | D:4      | Found a hide-covered altar of Uskayaw.
  4469 | D:5      | Entered Level 5 of the Dungeon
  4584 | D:5      | Reached skill level 6 in Spellcasting
  4831 | D:5      | Found a shadowy altar of Dithmenos.
  5027 | D:5      | Reached XP level 7. HP: 42/45 MP: 0/0
  5027 | D:5      | Learned a level 3 spell: Gell's Gravitas
  5331 | D:5      | Found a glowing golden altar of the Shining One.
  5838 | D:6      | Reached skill level 7 in Spellcasting
  5852 | D:6      | Reached XP level 8. HP: 27/50 MP: 0/0
  6177 | D:6      | Reached skill level 8 in Spellcasting
  6521 | D:6      | Found a staircase to the Ecumenical Temple.
  6530 | Temple   | Entered the Ecumenical Temple
  6565 | Temple   | Became a worshipper of Makhleb the Destroyer
  7237 | D:7      | Found a flagged portal.
  7251 | Bailey   | Entered a bailey
  7311 | Bailey   | Reached XP level 9. HP: 12/55 MP: 0/0
  7311 | Bailey   | Learned a level 3 spell: Swiftness
  7338 | D:7      | Found a transporter.
  7858 | D:6      | Reached skill level 9 in Spellcasting
  8000 | D:6      | Reached * piety under Makhleb
  8739 | D:7      | Noticed ZoeForever1's ghost (novice DrTm)
  8751 | D:7      | Noticed a catoblepas
  8760 | D:7      | Found a transporter.
  9025 | D:7      | Reached skill level 10 in Spellcasting
  9099 | D:7      | Found a bloodstained altar of Trog.
  9345 | D:7      | Found a glowing silver altar of Zin.
  9493 | D:7      | Reached ** piety under Makhleb
  9688 | D:8      | Reached XP level 10. HP: 17/60 MP: 0/0
  9711 | D:8      | Noticed Grum
  9722 | D:8      | Killed Grum
  9723 | D:8      | Reached skill level 11 in Spellcasting
  9844 | D:8      | Found a sand-covered staircase.
  9991 | Ossuary  | Entered an ossuary
 10328 | D:8      | Found a sparkling altar of Nemelex Xobeh.
 10333 | D:8      | Identified the +1 scale mail of Elyvilon's Wrath {Str+3
                  | Int+4 Dex+4}
 10430 | D:8      | Noticed Pikel
 10438 | D:8      | Killed Pikel
 10439 | D:8      | Reached skill level 1 in Fighting
 10439 | D:8      | Reached skill level 1 in Armour
 10614 | D:8      | Found a broken altar of Ashenzari.
 10726 | D:8      | Found a runed translucent gate.
 10726 | D:8      | Found a runed translucent gate.
 10726 | D:8      | Found a runed translucent gate.
 10726 | D:8      | Noticed ender2003's ghost (novice MiHu)
 10729 | D:8      | Found a basalt altar of Yredelemnul.
 10809 | D:8      | You are sucked into a shaft and drop 1 floor!
 11203 | D:8      | Noticed a centaur warrior
 11214 | D:8      | Killed a centaur warrior
 11244 | D:8      | Reached *** piety under Makhleb
 11245 | D:8      | Reached XP level 11. HP: 60/71 MP: 0/0
 11245 | D:8      | Learned a level 4 spell: Fulminant Prism
 11249 | D:8      | Noticed a rakshasa
 11259 | D:8      | Collided with a rock wall

Illustrated notes

Levels and vault maps discovered:
D:1:      minmay_arrival_radiant_lines, layout_basic,
          dreamdust_ecumenical_altar_hidden_monk_grotto, serial_forest,
          infiniplex_forest_join, infiniplex_forest_pool,
          infiniplex_forest_diagonal, infiniplex_forest_clump_diagonal,
          infiniplex_forest_clump_curved, infiniplex_forest_clump_curved,
          infiniplex_forest_corner_1, infiniplex_forest_clump_tiny,
          infiniplex_forest_end_1, infiniplex_forest_lined_ring,
          minmay_tetromino_t4
D:2:      layout_rooms
D:3:      layout_loops_corners, lemuel_coloured_pillars_altar,
          mainiacjoe_overflow_alcove_2
D:4:      layout_loops_cross, mainiacjoe_overflow_big_doors,
          ebering_ghost_sewer_d
D:5:      layout_cave_pools, mainiacjoe_overflow_catwalk,
          mainiacjoe_overflow_cross_hatched
D:6:      layout_layer_cave, temple_green
D:7:      layout_cave_pools, mainiacjoe_overflow_paths,
          mainiacjoe_overflow_24_doors, gammafunk_ghost_arena, enter_bailey_6,
          serial_demonic, serial_demonic_c, serial_demonic_e, serial_demonic_f,
          serial_demonic_a, serial_demonic_c, serial_demonic_e,
          serial_demonic_a, serial_demonic_f, serial_park_tiny_1
D:8:      minmay_klotski, layout_rooms, nicolae_overflow_crystal_walls,
          nicolae_yredelemnul_ghost_church, old_standard_altar,
          david_lair_shrubbed, lightli_ossuary_entry_decrepit_ruins,
          due_unseen_surprise, uniq_grum, uniq_pikel
D:9:      layout_roguey, overflow_temple_1_default
Temple:   nicolae_temple_ecumenical_triangle

Skill      XL: |  1  2  3  4  5  6  7  8  9 10 11 |
---------------+----------------------------------+-----
Spellcasting   | 4 5 6 7 8 10 11 | 11.7
Fighting       | 3 |  3.0
Armour         | 2 3 |  3.0
Dodging        | 4 |  4.2
Stealth        | |  1.5

Action                   |  1- 3 |  4- 6 |  7- 9 | 10-12 || total
-------------------------+-------+-------+-------+-------++-------
Melee: Unarmed           |     4 |       |       |       ||     4
       Short sword       |     7 |     7 |    10 |     4 ||    28
 Cast: Necrotise         |    64 |    67 |    22 |     1 ||   154
       Vampiric Draining |       |    10 |    23 |    12 ||    45
       Scorch            |       |    23 |    92 |    63 ||   178
       Slow              |       |     1 |    12 |     3 ||    16
       Gell's Gravitas   |       |       |    34 |    23 ||    57
       Animate Dead      |       |       |     8 |     3 ||    11
       Fulminant Prism   |       |       |       |     1 ||     1
  Use: Scroll            |       |       |     1 |    11 ||    12
       Potion            |       |       |     1 |       ||     1
Armor: Robe              |     8 |     2 |       |       ||    10
       Leather armour    |       |     7 |    40 |       ||    47
       Scale mail        |       |       |       |    16 ||    16
Dodge: Dodged            |    26 |    29 |    68 |    16 ||   139
